 Dungeon Crawl Stone Soup version 0.18-a0-1805-g8ab820f (webtiles) character file.

64860 dvd the Eclecticist (level 14, -2/75 HPs)
             Began as a Deep Elf Wizard on Apr 26, 2016.
             Was a High Priest of Vehumet.
             Slain by an anaconda (3 damage)
             ... on level 2 of the Snake Pit on Apr 29, 2016.
             The game lasted 03:09:27 (26166 turns).

dvd the Eclecticist (Deep Elf Wizard)              Turns: 26166, Time: 03:09:28

Health: -2/75      AC:  9    Str:  4    XL:     14   Next: 73%
Magic:  24/48      EV: 15    Int: 33    God:    Vehumet [*****.]
Gold:   848        SH:  0    Dex: 13    Spells: 13 memorised, 5 levels left

rFire  + . .     SeeInvis +     N - +10 long sword "Ruteih" {flame, Dex+2}
rCold  + + .     Gourm    .     r - +2 robe {rC+ rF+}
rNeg   . . .     Faith    .     (no shield)
rPois  +         Spirit   .     W - +1 helmet
rElec  +         Dismiss  .     h - +0 cloak of the Bagpipe {rElec Regen+ rCorr Dex-2}
rCorr  +         Reflect  .     b - +0 pair of gloves
SustAt .         Harm     .     Y - +0 pair of boots "Owig" {rCorr Int+4}
MR     ++...                    U - amulet of Royalty {rC+ MR+ Regen+ Slay+3 SInv}
Stlth  +++.......               G - ring of poison resistance
                                F - ring of magical power

@: about to teleport, constricted, studying Long Blades, repel missiles, very
resistant to hostile enchantments, fairly stealthy
A: no striking features
a: Renounce Religion


You were on level 2 of the Snake Pit.
You worshipped Vehumet.
Vehumet was extremely pleased with you.
You were not hungry.

You visited 5 branches of the dungeon, and saw 23 of its levels.
You also visited: Labyrinth.

You collected 1191 gold pieces.
You spent 343 gold pieces at shops.

Inventory:

Hand Weapons
 a - a +9 short sword of protection
 t - a +4 short sword of flaming
 N - the +10 long sword "Ruteih" (weapon) {flame, Dex+2}
   (You found it on level 3 of the Lair of Beasts)

   It has been specially enchanted to burn those struck by it, causing extra
   injury to most foes and up to half again as much damage against particularly
   susceptible opponents.
   Big, fiery blades are also staple armaments of hydra-hunters.
   It affects your dexterity (+2).
Missiles
 w - 30 tomahawks (quivered)
Armour
 b - a +0 pair of gloves (worn)
 h - the +0 cloak of the Bagpipe (worn) {rElec Regen+ rCorr Dex-2}
   (You bought it in a shop on level 5 of the Dungeon)

   It affects your dexterity (-2).
   It insulates you from electricity.
   It increases your rate of regeneration.
   It protects you from acid and corrosion.
 r - a +2 robe of resistance (worn)
 P - a +2 leather armour of magic resistance
 W - a +1 helmet (worn)
 Y - the +0 pair of boots "Owig" (worn) {rCorr Int+4}
   (You acquired it on level 6 of the Lair of Beasts)

   It affects your intelligence (+4).
   It protects you from acid and corrosion.
Jewellery
 i - an uncursed ring of wizardry
 s - an uncursed ring of protection from cold
 A - an uncursed ring of resist corrosion
 B - the amulet "Oxur" {Reflect rF- rN++ SH+3}
   (You found it on level 5 of the Dungeon)

   [amulet of reflection]

   It shields you and reflects attacks.
   It makes you vulnerable to fire.
   It greatly protects you from negative energy.
   It affects your SH (+3).
 D - an uncursed amulet of magic regeneration
 F - a ring of magical power (left hand)
 G - a ring of poison resistance (right hand)
 H - an uncursed ring of sustain attributes
 O - a +2 ring of dexterity
 U - the amulet of Royalty (around neck) {rC+ MR+ Regen+ Slay+3 SInv}
   (You found it on level 11 of the Dungeon)

   [amulet of regeneration]

   It affects your accuracy and damage with ranged weapons and melee attacks
   (+3).
   It protects you from cold.
   It affects your resistance to hostile enchantments.
   It lets you see invisible.
   It increases your rate of regeneration.
Wands
 k - a wand of acid (2/15)
 n - a wand of iceblast (7/15)
 v - a wand of lightning (13/15)
 K - a wand of iceblast (8/15)
 Q - a wand of paralysis (13/24)
 R - a wand of iceblast (7/15)
 S - a wand of lightning (8/15)
 V - a wand of teleportation (5/9)
 Z - a wand of iceblast (6/15)
Scrolls
 e - a scroll of recharging
 f - 2 scrolls of teleportation
 g - 10 scrolls of remove curse
 l - 10 scrolls of identify
 p - a scroll of fear
 u - a scroll of enchant weapon
 J - a scroll of brand weapon
 T - 2 scrolls of amnesia
Potions
 j - 6 potions of agility
 o - 8 potions of curing
 q - 9 potions of flight
 E - 3 potions of might
 I - 2 potions of haste
 X - a potion of magic
Books
 c - a book of Minor Magic

   Spells                             Type                      Level
   a - Magic Dart                     Conjuration                  1
   b - Blink                          Translocation                2
   c - Call Imp                       Summoning                    2
   d - Repel Missiles                 Charms/Air                   2
   e - Slow                           Hexes                        2
   f - Conjure Flame                  Conjuration/Fire             3
   g - Mephitic Cloud                 Conjuration/Poison/Air       3
 y - a manual of Long Blades
 L - Helec's Reference Book on Confrontation
   (You found it on level 1 of the Snake Pit)

   Spells                             Type                      Level
   a - Shock                          Conjuration/Air              1
   b - Iskenderun's Mystic Blast      Conjuration                  4
   c - Iskenderun's Battlesphere      Conjuration/Charms           5
Comestibles
 d - 18 bread rations
 x - 13 meat rations
 z - 17 fruits


   Skills:
 + Level 3.8 Fighting
 + Level 3.8(4.2) Short Blades
 + Level 2.1(3.1) Long Blades
 + Level 11.3 Dodging
 + Level 6.9 Stealth
   Level 1.2 Shields
 + Level 19.3 Spellcasting
 + Level 11.4 Conjurations
 + Level 5.3 Hexes
 + Level 1.5 Charms
 + Level 8.0 Summonings
 + Level 4.8 Translocations
 + Level 6.2 Fire Magic
 + Level 4.2 Air Magic
 + Level 4.0 Earth Magic
 + Level 5.9 Poison Magic
 + Level 1.2 Evocations


You had 5 spell levels left.
You knew the following spells:

 Your Spells              Type           Power        Failure   Level  Hunger
a - Venom Bolt            Conj/Pois      ######....   1%          5    None
b - Blink                 Tloc           N/A          1%          2    None
c - Call Imp              Summ           ######..     1%          2    None
d - Repel Missiles        Chrm/Air       ######       1%          2    None
e - Mephitic Cloud        Conj/Pois/Air  ######..     1%          3    None
f - Iskenderun's Battles  Conj/Chrm      ######..     1%          5    None
g - Throw Flame           Conj/Fire      ######       1%          2    None
h - Stone Arrow           Conj/Erth      ######       1%          3    None
i - Slow                  Hex            ######..     1%          2    None
j - Sticky Flame          Conj/Fire      ######..     1%          4    None
k - Inner Flame           Hex/Fire       ######..     1%          3    None
l - Orb of Destruction    Conj           #######...   3%          7    ###....
m - Poisonous Cloud       Conj/Pois/Air  ######....   2%          6    None


Dungeon Overview and Level Annotations

Branches:
Dungeon (12/15)            Temple (1/1) D:5            Lair (7/8) D:8
 Shoals (0/4) Lair:6        Snake (2/4) Lair:6        Slime (0/6) Lair:6
    Orc (1/2) D:9

Altars:
Ashenzari
Cheibriados
Dithmenos
Elyvilon
Fedhas
Gozag
Kikubaaqudgha
Makhleb
Nemelex Xobeh
Okawaru
Pakellas
Qazlal
Ru
Sif Muna
Trog
Vehumet
Xom
Yredelemnul
Zin
The Shining One
Jiyva

Shops:
D:5 [[%%!   Snake:1 [

Annotations:
Snake:2 Jorgrun
Orc:1 Shenda's ghost, journeyman MiFi


Message History

Okay, then.
Casting: Orb of Destruction
Confirm with . or Enter, or press ? or * to list all spells.
You escape the anaconda's grasp.
You blink.
A ball python comes into view.
Read which item? (? for menu, Esc to quit)
As you read the scroll of teleportation, it crumbles to dust.
You feel strangely unstable. The ball python completely misses you.
The ball python misses you. The ball python closely misses you.
The ball python misses you.
Your surroundings seem slightly different.
Read which item? (? for menu, Esc to quit)
As you read the scroll of teleportation, it crumbles to dust.
You feel strangely unstable. The anaconda closely misses you.
The anaconda bites you!
* * * LOW HITPOINT WARNING * * *
The ball python misses you. The ball python completely misses you.
The anaconda grabs you. The anaconda bites you!
* * * LOW HITPOINT WARNING * * *
You die...

.. .. ..#.##
.....## ..
......### ...
.......#...#
##.##......#
##..#@ยง....#
####.#.SS.#....#
###...)..g.##
....#
#......S..##
...#
#..(.......##
..#
##.........<.#
.#
#............# #
#.<..........#
#............#


You could see Jorgrun, an anaconda, a mana viper and a ball python.

Vanquished Creatures
  Nikola (Snake:2)
  A minotaur (Lab)
  Erolcha (D:11)
  Harold (Lair:4)
  2 catoblepae (Lair:7)
  9 hydras
  The ghost of ilikecats the Devastator, a journeyman HEWz of Sif Muna (Lair:2)
  4 anacondas (Snake:1)
  Erica (D:9)
  4 death yaks (Lair:6)
  A naga sharpshooter (Snake:1)
  A naga ritualist (Snake:1)
  2 hill giants (D:12)
  A lindwurm (Lair:7)
  5 mana vipers
  A deep elf mage (D:12)
  An oklob plant (Lair:5)
  A cyclops (D:11)
  The ghost of varam the Cudgeler, a novice GrFi (D:6)
  16 black mambas
  9 elephants
  2 centaur zombies (D:11)
  Joseph (D:9)
  3 naga magi
  Psyche (D:9)
  A gargoyle (D:10)
  11 spiny frogs
  3 rime drakes
  5 komodo dragons
  A minotaur zombie (Lab)
  Grinder (D:5)
  A polar bear (Lair:4)
  17 blink frogs
  A snapping turtle (Lair:6)
  A wraith (D:11)
  34 yaks
  2 wyverns
  4 basilisks
  A spriggan (D:7)
  A vampire (D:12)
  5 hippogriffs
  2 hungry ghosts
  2 steam dragons
  A mottled dragon (D:12)
  2 wargs (D:8)
  6 nagas
  9 water moccasins
  An ice beast (D:10)
  2 phantoms
  12 porcupines
  4 orc warriors
  2 sky beasts
  2 black bears
  A necrophage (D:9)
  5 wolves (Lair:4)
  2 centaurs
  4 ogres
  27 crocodiles
  18 giant frogs
  A big kobold (D:11)
  4 scorpions
  8 killer bees
  9 wights
  5 electric eels
  5 howler monkeys
  A crimson imp (D:12)
  3 jellies
  A quasit (D:7)
  A wasp zombie (D:12)
  3 orc priests
  Crazy Yiuf (D:6)
  A giant frog skeleton (D:12)
  4 hounds
  7 orc wizards
  5 centaur skeletons
  13 iguanas
  7 worker ants
  5 sheep (Lair:5)
  A worker ant zombie (D:10)
  10 adders
  2 gnolls (D:6)
  46 river rats
  4 shadow imps
  An adder zombie (D:5)
  An adder skeleton (D:4)
  A worm (D:2)
  12 giant geckos
  45 orcs
  6 giant cockroaches
  11 goblins
  14 hobgoblins
  13 jackals
  2 quokkas
  3 ball pythons
  8 bats
  9 giant newts
  A jackal skeleton (D:4)
  A jackal zombie (D:7)
  8 kobolds
  2 quokka skeletons
  6 rats
  3 bushes
  4 fungi (Lair:7)
  6 plants
566 creatures vanquished.

Vanquished Creatures (collateral kills)
  A hill giant (D:6)
  A komodo dragon (Lair:1)
  A hungry ghost (D:5)
  A hippogriff (D:11)
  Menkaure (D:4)
  2 water moccasins (Lair:2)
  A porcupine (Lair:1)
  2 sky beasts (D:5)
  A phantom (D:5)
  2 black bears
  An ogre (D:8)
  A centaur (D:6)
  A necrophage (D:6)
  Blork the orc (D:5)
  2 giant frogs
  A killer bee (D:6)
  A wight (D:9)
  A howler monkey (D:4)
  3 crimson imps
  2 orc priests
  2 hounds
  A centaur skeleton (D:5)
  4 iguanas
  5 orc wizards
  5 worker ants
  A hound skeleton (D:4)
  Robin (D:4)
  2 gnolls (D:6)
  4 adders
  2 river rats (Lair:4)
  An adder zombie (D:7)
  3 worms
  A dart slug (D:2)
  5 giant geckos
  6 orcs
  A bat (D:3)
  A giant cockroach (D:1)
  2 goblins (D:2)
  A hobgoblin (D:2)
  9 jackals
  A quokka (D:7)
  A rat (D:2)
86 creatures vanquished.

Vanquished Creatures (others)
  A naga (Snake:2)
  A bush (Lair:5)
  20 fungi
  14 plants
  12 toadstools (Lair:7)
48 creatures vanquished.

Grand Total: 700 creatures vanquished

Notes
Turn   | Place    | Note
--------------------------------------------------------------
     0 | D:1      | dvd the Deep Elf Wizard began the quest for the Orb.
     0 | D:1      | Reached XP level 1. HP: 10/10 MP: 7/7
   163 | D:1      | Reached skill level 5 in Spellcasting
   184 | D:1      | Reached XP level 2. HP: 15/15 MP: 2/10
   188 | D:1      | Learned a level 2 spell: Blink
   191 | D:1      | Learned a level 2 spell: Call Imp
   194 | D:1      | Learned a level 2 spell: Repel Missiles
   473 | D:1      | Found a snail-covered altar of Cheibriados.
   849 | D:1      | Reached XP level 3. HP: 19/19 MP: 8/11
  1429 | D:2      | Reached XP level 4. HP: 24/24 MP: 2/13
  1863 | D:2      | Reached skill level 6 in Spellcasting
  2325 | D:3      | Found a stormy altar of Qazlal.
  2328 | D:3      | Found a sparkling altar of Nemelex Xobeh.
  2449 | D:3      | Reached XP level 5. HP: 27/28 MP: 4/15
  2550 | D:3      | Learned a level 3 spell: Mephitic Cloud
  2733 | D:3      | Found an ancient bone altar of Kikubaaqudgha.
  3005 | D:4      | Noticed Robin
  3006 | D:4      | Noticed Menkaure
  3570 | D:4      | Killed Menkaure
  3570 | D:4      | Reached XP level 6. HP: 10/33 MP: 11/17
  3849 | D:4      | Reached skill level 7 in Spellcasting
  4001 | D:4      | Reached skill level 1 in Poison Magic
  4002 | D:4      | Reached skill level 1 in Short Blades
  4118 | D:4      | Killed Robin
  4542 | D:5      | Entered Level 5 of the Dungeon
  4587 | D:5      | Got a pitted bone amulet
  4588 | D:5      | Identified the amulet "Oxur" {Reflect rF- rN++ SH+3} (You found it on level 5 of the Dungeon)
  4716 | D:5      | Reached XP level 7. HP: 37/37 MP: 20/20
  4727 | D:5      | Noticed Blork the orc
  4745 | D:5      | Killed Blork the orc
  4774 | D:5      | Found Lit Awos's Food Boutique.
  4888 | D:5      | Found Ajoastrimp's Distillery.
  4891 | D:5      | Bought a potion of mutation for 25 gold pieces
  4891 | D:5      | Bought a potion of degeneration for 10 gold pieces
  4891 | D:5      | Bought a potion of heal wounds for 50 gold pieces
  4955 | D:5      | Found Deckikua's Food Boutique.
  4955 | D:5      | Noticed a hungry ghost
  5014 | D:5      | Killed a hungry ghost
  5014 | D:5      | Reached skill level 8 in Spellcasting
  5202 | D:5      | Noticed Grinder
  5208 | D:5      | Paralysed by Grinder for 2 turns
  5213 | D:5      | Paralysed by Grinder for 6 turns
  5228 | D:5      | Paralysed by Grinder for 5 turns
  5247 | D:5      | Found Qeucoovi's Armour Shop.
  5270 | D:5      | Killed Grinder
  5270 | D:5      | Reached skill level 1 in Fighting
  5307 | D:5      | Found a staircase to the Ecumenical Temple.
  5316 | Temple   | Entered the Ecumenical Temple
  5518 | Temple   | Became a worshipper of Vehumet
  5766 | D:5      | Reached XP level 8. HP: 19/43 MP: 3/22
  6023 | D:5      | Reached skill level 1 in Air Magic
  6076 | D:5      | Reached skill level 9 in Spellcasting
  6092 | D:5      | Reached skill level 5 in Dodging
  6306 | D:5      | Found Urphuklep's Armour Shoppe.
  6467 | D:6      | Noticed a hill giant
  6519 | D:6      | Killed a hill giant
  6519 | D:6      | Reached skill level 10 in Spellcasting
  6519 | D:6      | Reached skill level 5 in Summonings
  6694 | D:6      | Reached * piety under Vehumet
  6694 | D:6      | Offered knowledge of Flame Tongue by Vehumet.
  6697 | D:6      | Learned a level 1 spell: Flame Tongue
  6748 | D:6      | Reached XP level 9. HP: 47/47 MP: 15/25
  7054 | D:6      | Noticed varam's ghost (novice GrFi)
  7070 | D:6      | Killed varam's ghost
  7188 | D:6      | Noticed Crazy Yiuf
  7204 | D:6      | Killed Crazy Yiuf
  7250 | D:6      | Reached skill level 11 in Spellcasting
  7250 | D:6      | Reached skill level 1 in Fire Magic
  7307 | D:6      | Found a white marble altar of Elyvilon.
  7398 | D:6      | Found a basalt altar of Yredelemnul.
  7852 | D:7      | Reached ** piety under Vehumet
  7852 | D:7      | Offered knowledge of Throw Flame by Vehumet.
  7856 | D:7      | Learned a level 2 spell: Throw Flame
  8553 | D:8      | Found a blossoming altar of Fedhas.
  8558 | D:8      | Reached skill level 5 in Stealth
  8595 | D:8      | Reached skill level 12 in Spellcasting
  8595 | D:8      | Reached skill level 5 in Conjurations
  8634 | D:8      | Found a staircase to the Lair.
  9475 | D:8      | Reached XP level 10. HP: 52/52 MP: 15/28
  9682 | D:5      | Bought the +0 cloak of the Bagpipe {rElec Regen+ rCorr Dex-2} for 258 gold pieces
 10076 | D:9      | Noticed Psyche
 10081 | D:9      | Noticed Erica
 10154 | Lair:1   | Entered Level 1 of the Lair of Beasts
 10324 | Lair:1   | Offered knowledge of Stone Arrow by Vehumet.
 10329 | Lair:1   | Learned a level 3 spell: Stone Arrow
 10581 | Lair:1   | Reached *** piety under Vehumet
 11166 | Lair:2   | Noticed ilikecats's ghost (journeyman HEWz)
 11179 | Lair:2   | Killed ilikecats's ghost
 11179 | Lair:2   | Reached skill level 1 in Shields
 11179 | Lair:2   | Reached skill level 13 in Spellcasting
 11295 | Lair:2   | Noticed a spiny frog
 11368 | Lair:2   | Learned a level 2 spell: Slow
 11887 | Lair:2   | Offered knowledge of Sticky Flame by Vehumet.
 11902 | Lair:2   | Noticed a spiny frog
 11932 | Lair:2   | Killed a spiny frog
 12007 | Lair:2   | Reached XP level 11. HP: 57/57 MP: 30/30
 12124 | Lair:2   | Reached **** piety under Vehumet
 12150 | Lair:2   | Learned a level 4 spell: Sticky Flame
 12534 | Lair:3   | Got a crystal long sword
 12535 | Lair:3   | Identified the +10 long sword "Ruteih" {flame, Dex+2} (You found it on level 3 of the Lair of Beasts)
 12600 | Lair:3   | Offered knowledge of Inner Flame by Vehumet.
 12600 | Lair:3   | Reached skill level 14 in Spellcasting
 12605 | Lair:3   | Learned a level 3 spell: Inner Flame
 12819 | Lair:3   | Reached skill level 1 in Hexes
 13229 | Lair:3   | Reached skill level 1 in Earth Magic
 13488 | D:9      | Found a staircase to the Orcish Mines.
 13514 | D:9      | Noticed Joseph
 13526 | D:9      | Killed Joseph
 13891 | D:9      | Killed Psyche
 14012 | D:9      | Killed Erica
 14197 | D:9      | Found a deep blue altar of Sif Muna.
 14440 | D:10     | Entered Level 10 of the Dungeon
 15323 | D:11     | Reached ***** piety under Vehumet
 15336 | D:11     | Offered knowledge of Venom Bolt by Vehumet.
 15423 | D:11     | Learned a level 5 spell: Venom Bolt
 15487 | D:11     | Reached skill level 15 in Spellcasting
 15652 | D:11     | Got a glittering bronze amulet
 15654 | D:11     | Identified the amulet of Royalty {rC+ MR+ Regen+ Slay+3 SInv} (You found it on level 11 of the Dungeon)
 15823 | D:11     | Noticed Erolcha
 15835 | D:11     | Killed Erolcha
 15835 | D:11     | Reached XP level 12. HP: 62/62 MP: 19/33
 16533 | D:12     | Reached skill level 5 in Fire Magic
 17488 | D:12     | Found a deep blue altar of Sif Muna.
 17770 | Lair:4   | Reached skill level 16 in Spellcasting
 17816 | Lair:4   | Noticed an eight-headed hydra
 17839 | Lair:4   | Killed an eight-headed hydra
 17940 | Lair:4   | Noticed Harold
 17949 | Lair:4   | Killed Harold
 17950 | Lair:4   | Noticed a four-headed hydra
 17976 | Lair:4   | Killed a four-headed hydra
 19006 | Lair:4   | Reached XP level 13. HP: 68/68 MP: 31/35
 19170 | Lair:5   | Found a labyrinth entrance.
 19190 | Lab      | Entered a labyrinth
 19362 | Lab      | Noticed a minotaur
 19367 | Lab      | Killed a minotaur
 19694 | Lair:5   | Found a sparkling altar of Nemelex Xobeh.
 20185 | Lair:5   | Reached skill level 5 in Poison Magic
 20209 | Lair:5   | Offered knowledge of Orb of Destruction by Vehumet.
 20218 | Lair:5   | Learned a level 7 spell: Orb of Destruction
 20334 | Lair:5   | Reached skill level 17 in Spellcasting
 21066 | Lair:6   | Found a staircase to the Slime Pits.
 21066 | Lair:6   | Found a viscous altar of Jiyva.
 21221 | Lair:6   | Reached skill level 10 in Dodging
 21315 | Lair:6   | Found a staircase to the Snake Pit.
 21636 | Lair:6   | Reached skill level 1 in Long Blades
 21691 | Lair:6   | Identified a scroll of acquirement
 21692 | Lair:6   | Got a pair of bloodstained boots
 21703 | Lair:6   | Identified the +0 pair of boots "Owig" {rCorr Int+4} (You acquired it on level 6 of the Lair of Beasts)
 22030 | Lair:6   | Found a staircase to the Shoals.
 22226 | Lair:6   | Reached skill level 10 in Conjurations
 22226 | Lair:6   | Reached skill level 5 in Hexes
 22249 | Lair:6   | Reached skill level 1 in Charms
 22771 | Lair:7   | Reached skill level 18 in Spellcasting
 22880 | Lair:7   | Reached XP level 14. HP: 37/74 MP: 25/38
 23556 | Lair:7   | Offered knowledge of Poisonous Cloud by Vehumet.
 23565 | Lair:7   | Learned a level 6 spell: Poisonous Cloud
 24639 | Orc:1    | Entered Level 1 of the Orcish Mines
 24639 | Orc:1    | Noticed Shenda's ghost (journeyman MiFi)
 24825 | Snake:1  | Entered Level 1 of the Snake Pit
 24924 | Snake:1  | Found Rofuicse's Armour Shop.
 24944 | Snake:1  | Identified Helec's Reference Book on Confrontation
 24951 | Snake:1  | Learned a level 5 spell: Iskenderun's Battlesphere
 25468 | Snake:1  | Reached skill level 19 in Spellcasting
 25468 | Snake:1  | Reached skill level 1 in Evocations
 25692 | Snake:1  | You fall through a shaft!
 25961 | Snake:2  | Noticed Nikola
 26146 | Snake:2  | Killed Nikola
 26155 | Snake:2  | Noticed Jorgrun
 26166 | Snake:2  | HP: 1/75 [anaconda (9)]
 26166 | Snake:2  | Slain by an anaconda

Vault maps used:
D:1:      wheals_arrival_shading, cheibriados_altar_1
D:2:      minmay_misc_feat_ornament
D:3:      kiku_gazebo_garden_becter, grunt_temple_overflow_open, first_bread
D:4:      uniq_robin, uniq_menkaure
D:5:      minmay_temple_entry_overgrown, serial_shops,
          nicolae_shop_behind_doors, kennysheep_mini_moat,
          nicolae_shop_window_shopping, nicolae_shop_scaring_up_business,
          nicolae_shop_behind_doors, kennysheep_generic_room_5, uniq_grinder,
          uniq_blork_the_orc
D:6:      kennysheep_ying_yang, uniq_crazy_yiuf_cottage
D:7:      serial_curves, eino_curves_02, eino_curves_02, the_bakery,
          kennysheep_another_room, minmay_misc_feat_chi
D:8:      lemuel_crystal_altar, erik_lair_orcish_takeover
D:9:      kennysheep_little_box, orc_0_dummy, uniq_psyche, uniq_joseph,
          uniq_erica
D:11:     feat_on_display, uniq_erolcha
D:12:     lemuel_blue_sif_altar
Temple:   eino_temple_water_12
Lair:1:   small_statue_intersection
Lair:2:   lemuel_reptile_caves, lemuel_fruit_tree
Lair:3:   st_stairs_10, infiniplex_staircase_pool
Lair:4:   minmay_lair_drake_nest, infiniplex_staircase_pool_2,
          serial_bayou_shore_a, uniq_harold
Lair:5:   basic_altar, lab_entry_generic, serial_forest,
          infiniplex_forest_clump_small, infiniplex_forest_clump_double,
          infiniplex_forest_clump_curved, infiniplex_forest_clump_double,
          infiniplex_forest_clump_tiny, infiniplex_forest_straight_5,
          infiniplex_forest_corner_2, infiniplex_forest_clump_C,
          minmay_lair_oklob_bushes
Lair:6:   minmay_shoals_entry_hut, guppyfry_snake_entry_island, slime_altar_1,
          kennysheep_basilisk_garden, grunt_megastairs_4
Lair:7:   gammafunk_lair_enchanted_lake
Snake:1:  serial_shops, shop
Snake:2:  minmay_snake_river, uniq_jorgrun, uniq_nikola
Orc:1:    sword_in_stone
Lab:      labyrinth_hidden_loot, nicolae_lab_t_cross, lab_statue

Skill      XL: |  1  2  3  4  5  6  7  8  9 10 11 12 13 14 |
---------------+-------------------------------------------+-----
Spellcasting   | 5 6 7 8 10 12 13 15 16 18 19 | 19.3
Dodging        | 3 4 5 6 7 8 9 10 11 | 11.3
Conjurations   | 2 3 4 5 6 7 8 10 11 | 11.4
Summonings     | 2 3 4 5 6 7 8 |  8.0
Poison Magic   | 1 2 3 4 5 |  5.9
Short Blades   | 1 2 3 |  3.8
Stealth        | 3 4 5 6 |  6.9
Fighting       | 1 2 3 |  3.8
Air Magic      | 1 2 3 4 |  4.2
Translocations | 3 4 |  4.8
Fire Magic     | 1 3 4 5 6 |  6.2
Shields        | 1 |  1.2
Hexes          | 3 5 |  5.3
Earth Magic    | 2 3 4 |  4.0
Long Blades    | 1 2 |  2.1
Charms         | 1 |  1.5
Evocations     | 1 |  1.2

Action                   |  1- 3 |  4- 6 |  7- 9 | 10-12 | 13-15 || total
-------------------------+-------+-------+-------+-------+-------++-------
Melee: Short sword       |    33 |    83 |   134 |   274 |   112 ||   636
       Long sword        |       |       |       |     2 |    46 ||    48
 Cast: Magic Dart        |    73 |    93 |    84 |     4 |       ||   254
       Call Imp          |     7 |    35 |    85 |    77 |     1 ||   205
       Repel Missiles    |     1 |     1 |       |     2 |     1 ||     5
       Blink             |     1 |     4 |    18 |    19 |    21 ||    63
       Mephitic Cloud    |       |     9 |    29 |    74 |    30 ||   142
       Flame Tongue      |       |       |    68 |   116 |     7 ||   191
       Throw Flame       |       |       |    19 |    50 |     6 ||    75
       Stone Arrow       |       |       |       |   115 |    66 ||   181
       Slow              |       |       |       |    21 |    17 ||    38
       Sticky Flame      |       |       |       |    46 |    42 ||    88
       Inner Flame       |       |       |       |    19 |    22 ||    41
       Venom Bolt        |       |       |       |    45 |    64 ||   109
       Orb of Destructio |       |       |       |       |    70 ||    70
       Iskenderun's Batt |       |       |       |       |     4 ||     4
       Poisonous Cloud   |       |       |       |       |     2 ||     2
Evoke: Wand              |       |       |       |     2 |     7 ||     9
  Use: Potion            |       |       |     9 |     2 |     4 ||    15
       Scroll            |       |       |    13 |    14 |    16 ||    43
 Stab: Sleeping          |     1 |     7 |     2 |    13 |     2 ||    25
       Distracted        |       |     2 |     2 |       |       ||     4
       Confused          |       |     1 |     3 |     9 |     3 ||    16
  Eat: Chunk             |     1 |     6 |     8 |    23 |    19 ||    57
       Meat ration       |       |     1 |     2 |       |       ||     3
       Fruit             |       |       |     1 |       |       ||     1
       Pizza             |       |       |       |     1 |     4 ||     5
       Beef jerky        |       |       |       |     1 |     3 ||     4
       Royal jelly       |       |       |       |       |     1 ||     1
Armor: Robe              |    10 |    33 |    55 |    95 |   101 ||   294
Dodge: Dodged            |    35 |    89 |   163 |   247 |   249 ||   783
       Deflected         |     1 |       |     1 |     6 |    10 ||    18
Block: Buckler           |     4 |     5 |       |       |       ||     9
       Other             |       |     1 |    20 |    20 |       ||    41
       Reflection        |       |       |       |     1 |       ||     1
